 Dungeon Crawl Stone Soup version 0.29.1-15-g9cfb28693d (webtiles) character file.

Game seed: 5348623559905545369

359 KittyFluff the Cudgeller (level 6, -4/39 HPs)
             Began as a Gargoyle Berserker on Apr 25, 2023.
             Was a Priest of Trog.
             Slain by an orc warrior
             ... wielding a +0 trident
              (15 damage)
             ... on level 5 of the Dungeon.
             The game lasted 00:12:31 (3595 turns).

KittyFluff the Cudgeller (Gargoyle Berserker)       Turns: 3595, Time: 00:12:33

Health: -4/39      AC: 13    Str: 20    XL:     6   Next: 65%
Magic:  6/6        EV: 12    Int:  8    God:    Trog [***...]
Gold:   183        SH:  0    Dex: 11    Spells: 5/5 levels left

rFire   . . .      SeeInvis .   a - +0 mace
rCold   . . .      Faith    .   (no shield)
rNeg    + . .      Spirit   .   f - +0 leather armour
rPois   ∞          Reflect  .   (no helmet)
rElec   +          Harm     .   d - +0 cloak
rCorr   .          Rampage  .   e - +2 pair of gloves
Will    .....                   r - +0 pair of boots
Stlth   +.........              (no amulet)
HPRegen 0.13/turn               (no ring)
MPRegen 0.10/turn               (no ring)

@: no status effects
A: sickness immunity, AC +4, negative energy resistance 1, electricity
resistance, torment resistance 1, petrification resistance
a: Renounce Religion, Berserk, Trog's Hand


You were on level 5 of the Dungeon.
You worshipped Trog.
Trog was most pleased with you.
You visited 1 branch of the dungeon, and saw 5 of its levels.

You collected 183 gold pieces.

Inventory:

Hand Weapons
 a - a +0 mace (weapon)
Missiles
 b - a throwing net
 h - 30 stones (quivered)
 i - 3 javelins
Armour
 d - a +0 cloak (worn)
 e - a +2 pair of gloves (worn)
 f - a +0 leather armour (worn)
 r - a +0 pair of boots (worn)
Jewellery
 l - an amulet of magic regeneration
Wands
 s - a wand of mindburst (9)
Scrolls
 c - a scroll of blinking {unknown}
 j - 3 scrolls of teleportation
 m - 2 scrolls of immolation
 n - a scroll of magic mapping {unknown}
 o - a scroll of torment
 q - 2 scrolls of fear {unknown}
 t - a scroll of enchant armour
 u - a scroll of silence {unknown}
Potions
 g - 3 potions of heal wounds
 k - a potion of might {unknown}
 p - a potion of brilliance {unknown}
 v - a potion of curing {unknown}


   Skills:
 + Level 4.5 Fighting
 + Level 5.1 Maces & Flails
 * Level 3.8 Armour
 + Level 2.5 Dodging
 + Level 1.2 Stealth


You had 5 spell levels left.
You didn't know any spells.
Your spell library was empty.

Dungeon Overview and Level Annotations

Branches:
Dungeon (5/15)
 Temple: D:4-7

Altars:
Cheibriados
Hepliaklqana
Ru
Vehumet
Xom


Innate Abilities, Weirdness & Mutations

You are immune to sickness and miasma.
Your stone body is resilient. (AC +4)
You are immune to poison.
You resist negative energy. (rN+)
You are resistant to electric shocks. (rElec)
You are resistant to unholy torment.
You are immune to petrification.


Message History

The orc wizard is moderately wounded.
The orc wizard hits you but does no damage. x2
You hit the orc wizard but do no damage.
The orc wizard is moderately wounded.
The orc wizard hits you with a +0 dagger.
You sock the orc wizard!
The orc wizard is almost dead.
The orc wizard closely misses you.
You closely miss the orc wizard.
The orc wizard is almost dead.
The orc wizard casts a spell at you. You resist with some effort.
You hit the orc wizard.
You kill the orc wizard!
Trog accepts your kill.
Trog appreciates your killing of a magic user.
You miss something. Something hits you but does no damage.
You hit something. Something hits you but does no damage.
You hit something.
You hear some strange, mumbled words.
Something tries to affect you, but you resist.
You closely miss something. Something hits you.
Something hits you but does no damage.
You barely miss something. Something hits you but does no damage.
The orc warrior misses you.
You miss something. Something hits you but does no damage.
The orc warrior hits you from afar with a +0 trident!
You barely miss something. Something hits you.
The orc warrior hits you from afar with a +0 trident!
You miss something. Something hits you but does no damage.
The orc warrior barely misses you.
You miss something.
The orc wizard gestures wildly while chanting.
The orc wizard flickers and vanishes!
You hear some strange, mumbled words.
A magic dart appears from out of thin air!
The magic dart hits you.
* * * LOW HITPOINT WARNING * * *
The orc warrior hits you from afar with a +0 trident!
You die...

##########
o......o.###
o8..8!.8..8##
o.....o.o..o###
......o.o...oo#
o...........#{#
.8..8..8..8##o#
o......o.####{#
############ #@#
...... #.# .......
#.# .......### #.#
.........## ##.#
..........#####..#
................##
.......#...######
...........#


You could see an orc warrior and 2 orcs.

Vanquished Creatures
  A scorpion (D:4)
  A jelly (D:5)
  2 iguanas (D:4)
  An orc wizard (D:5)
  4 gnolls
  5 adders
  An ufetubus (D:4)
  2 worms
  2 dart slugs
  6 orcs
  5 ball pythons
  10 endoplasms
  4 giant cockroaches
  8 goblins
  8 hobgoblins
  8 jackals
  3 quokkas
  7 bats
  4 frilled lizards
  5 kobolds
  2 rats (D:2)
89 creatures vanquished.

Notes
Turn   | Place    | Note
-------+----------+-------------------------------------------
     0 | D:1      | KittyFluff the Gargoyle Berserker began the quest for the
                  | Orb.
     0 | D:1      | Reached XP level 1. HP: 14/14 MP: 1/1
   214 | D:1      | Reached XP level 2. HP: 17/19 MP: 2/2
   470 | D:1      | Found a faded altar of an unknown god.
   475 | D:1      | Reached XP level 3. HP: 19/24 MP: 3/3
   959 | D:2      | Reached ** piety under Trog
  1136 | D:2      | Reached XP level 4. HP: 29/29 MP: 4/4
  1767 | D:3      | Found a sacrificial altar of Ru.
  1819 | D:3      | Reached skill level 4 in Maces & Flails
  1834 | D:3      | Found a radiant altar of Vehumet.
  1836 | D:3      | Found a sacrificial altar of Ru.
  1836 | D:3      | Found a radiant altar of Vehumet.
  1839 | D:3      | Found a burning altar of Makhleb.
  1839 | D:3      | Found a shimmering altar of Xom.
  1839 | D:3      | Found a snail-covered altar of Cheibriados.
  1917 | D:3      | Reached XP level 5. HP: 16/33 MP: 5/5
  2584 | D:4      | Found a hazy altar of Hepliaklqana.
  2688 | D:4      | Reached *** piety under Trog
  2689 | D:4      | Reached skill level 1 in Stealth
  2689 | D:4      | Reached XP level 6. HP: 21/39 MP: 6/6
  3232 | D:5      | Entered Level 5 of the Dungeon
  3261 | D:5      | Reached skill level 5 in Maces & Flails
  3537 | D:5      | Found a runed translucent door.
  3561 | D:5      | Noticed an orc warrior
  3595 | D:5      | Slain by an orc warrior

Illustrated notes

Levels and vault maps discovered:
D:1:      ebering_trefoil_twist, layout_rooms,
          dreamdust_ecumenical_altar_angels_and_demons, minivault_26,
          minmay_tromino_v4_a
D:2:      layout_rooms
D:3:      layout_rooms, lemuel_crystal_altar, doesnt_xom_only_xom
D:4:      layout_loops_ring, nicolae_hepliaklqana_hazy_memory
D:5:      layout_cave_pools, jmf_multi_god_temple2,
          chequers_serial_rivers_micro_a, lightli_church_of_beogh

Skill      XL: |  1  2  3  4  5  6 |
---------------+-------------------+-----
Fighting       | 4 |  4.5
Dodging        | 2 |  2.5
Armour         | 3 |  3.8
Maces & Flails | 4 5 |  5.1
Stealth        | 1 |  1.2

Action                   |  1- 3 |  4- 6 || total
-------------------------+-------+-------++-------
Melee: Mace              |   120 |   192 ||   312
       Punch             |       |     3 ||     3
  Use: Scroll            |     3 |     2 ||     5
 Stab: Sleeping          |       |     2 ||     2
Armor: Animal skin       |    47 |       ||    47
       Leather armour    |    21 |    83 ||   104
Dodge: Dodged            |   104 |   115 ||   219
